[Event "Late-Titled-Tuesday-Blitz-September-19-2023"]
[Site "Chess.com"]
[Date "2023.09.19"]
[Round "2"]
[White "Chessdemon2019"]
[Black "azikom"]
[Result "0-1"]
[WhiteElo "2385"]
[BlackElo "2626"]
[TimeControl "180+1"]
[EndTime "14:17:05 PDT"]
[Termination "azikom won by resignation"]

1. e4 c5 2. Nf3 e6 3. d4 cxd4 4.
Nxd4 a6 5. c4 g6 6. Nc3 Bg7 7.
Be3 Ne7 8. Qd2 d5 9. exd5 exd5 10. O-O-O dxc4 11. Bxc4 Qc7 12. Bb3 O-O 13. Bh6 Nbc6 14.
Nf3 Bf5 15. Bxg7 Kxg7 16. Rhe1 Rad8 17. Qe3 Rxd1+ 18. Rxd1 b5 19. a3 Na5 20. Bc2 Bxc2 21. Kxc2 Nc4 22. Qd4+ f6 23. Ng5 Qc6 24. Qd7 Qxd7 25.
Rxd7 fxg5 26. Rxe7+ Kh6 27. Ne4 g4 28. Kc3 Rf4 29. a4 Nb6 30. Kd4 Nxa4 31. Ke3 Rf5 32. Nd6 Rf6 33. Nf7+ Kg7 34. Ng5+ Kh6 35. h4 gxh3 36.
f4 Kh5 37. gxh3 Kh4 38. Kf3 h6 39. Rh7 h5 40. Rc7 Nxb2 41. Rc2 Nd3 42. Kg2 Nxf4+ 43.
Kh2 Kxg5 0-1

[Event "Late-Titled-Tuesday-Blitz-September-19-2023"]
[Site "Chess.com"]
[Date "2023.09.19"]
[Round "2"]
[White "traack"]
[Black "TanitoluwaAps116"]
[Result "0-1"]
[WhiteElo "2362"]
[BlackElo "2682"]
[TimeControl "180+1"]
[EndTime "14:17:09 PDT"]
[Termination "TanitoluwaAps116 won by resignation"]

1. e4 c5 2. Nf3 Nc6 3. d4 cxd4 4. Nxd4 Nf6 5. Nc3 e5 6. Ndb5 d6 7. Bg5 a6 8. Na3 b5 9. Nab1 Ne7 10. Bxf6 gxf6 11.
Nd5 Nxd5 12. Qxd5 Be6 13. Qd1 d5 14. exd5 Bxd5 15. Nc3 Bb4 16. a4 Rc8 17. Be2 Bxg2 18. Qxd8+ Kxd8 19. Rg1 Rxc3 20. O-O-O+ Ke7 21. bxc3 Ba3+ 22.
Kb1 Bc6 23. axb5 axb5 24. Ka2 Bc5 25. Rgf1 Rb8 26. Kb3 Bg2 27. Rg1 Be4 28. Bd3 Bd5+ 29. Kb2 b4 30. c4 Be6 31. Bxh7 Bxf2 32. Rgf1 Bc5 33. Kb3 Rh8 34. Bf5 Rxh2 35. Bxe6 fxe6 36. Rh1 Rxh1 37. Rxh1 e4 38. c3 bxc3 39. Kxc3 Kd6 40. Rh5 f5 41. Rh8 f4 42. Kd2 f3 43. Rf8 Ke5 44. Rf7 e3+ 45. Ke1 Bb4+ 46. Kf1 e2+ 0-1

[Event "Late-Titled-Tuesday-Blitz-September-19-2023"]
[Site "Chess.com"]
[Date "2023.09.19"]
[Round "2"]
[White "RIPOL"]
[Black "canary2016"]
[Result "0-1"]
[WhiteElo "2415"]
[BlackElo "2149"]
[TimeControl "180+1"]
[EndTime "14:17:09 PDT"]
[Termination "canary2016 won by checkmate"]

1. d4 Nf6 2. Bg5 e6 3. e4 Be7 4.
Bd3 O-O 5. f4 h6 6. Bh4 b6 7.
Nd2 Bb7 8. Ngf3 d6 9. c3 Nbd7 10. O-O c5 11. Qe2 Rc8 12. a3 d5 13. e5 Ne8 14.
Bxe7 Qxe7 15. f5 exf5 16. Bxf5 Nc7 17. Bxd7 Qxd7 18. Nh4 cxd4 19. cxd4 Ne6 20. Nf5 Rc2 21. Qd3 Rfc8 22. Rf2 Rxb2 23. Raf1 Rcc2 24. Nd6 Nd8 25. Qe3 Ba6 26. Nxf7 Bxf1 27. Nxh6+ gxh6 28. Qxh6 Qg7 29. Qd6 Nf7 30. Qxd5 Rxd2 31. Rxd2 Rxd2 32. Kxf1 Rd1+ 33. Kf2 Rd2+ 34. Kf1 Rb2 35. Qa8+ Kh7 36. Qe4+ Kh8 37. Qh4+ Kg8 38. Qe7 Qxg2+ 39. Ke1 Qe2# 0-1

[Event "Late-Titled-Tuesday-Blitz-September-19-2023"]
[Site "Chess.com"]
[Date "2023.09.19"]
[Round "2"]
[White "VitaliyBernadskiy"]
[Black "ilm2034"]
[Result "1-0"]
[WhiteElo "2849"]
[BlackElo "2549"]
[TimeControl "180+1"]
[EndTime "14:17:10 PDT"]
[Termination "VitaliyBernadskiy won by resignation"]

1. e4 g6 2. d4 Bg7 3. c3 c5 4. d5 e5 5. a4 d6 6. Na3 Ne7 7.
Bb5+ Nd7 8. Nc4 Qc7 9. a5 O-O 10. Nf3 h6 11. a6 bxa6 12. Bxa6 Bxa6 13. Rxa6 Nb6 14. Qe2 f5 15. Nfd2 fxe4 16. Nxe4 Rad8 17. Ne3 Nbxd5 18. Nxd5 Nxd5 19. Qc4 Qf7 20. Qa2 Rd7 21.
O-O Nb6 22. f4 Qxa2 23. Rxa2 Kh7 24. g3 Nc8 25. Rd1 d5 26. Nxc5 Rd6 27. fxe5 Bxe5 28.
Nd3 Bg7 29. Bf4 Rb6 30. Ra5 d4 31. c4 Re8 32. b4 Rbe6 33. c5 Re2 34. b5 Rc2 35. Rd2 Rxd2 36. Bxd2 Re2 37. Bf4 Ne7 38. Rxa7 Nf5 39. b6 g5 40. b7 Rb2 41. Nxb2 gxf4 42. b8=Q d3 43. Qxf4 Kg6 44. Rxg7+ Kxg7 45. Qxf5 d2 46.
Nd1 1-0

[Event "Late-Titled-Tuesday-Blitz-September-19-2023"]
[Site "Chess.com"]
[Date "2023.09.19"]
[Round "2"]
[White "MFatigue"]
[Black "Beca95"]
[Result "0-1"]
[WhiteElo "2551"]
[BlackElo "2850"]
[TimeControl "180+1"]
[EndTime "14:17:11 PDT"]
[Termination "Beca95 won on time"]

1. e4 c6 2. Bc4 d5 3. Bb3 dxe4 4. Qh5 g6 5. Qh4 Bg7 6. Nc3 Nf6 7. Nxe4 Nxe4 8.
Qxe4 Nd7 9. Nf3 Nc5 10. Qe3 Nxb3 11. axb3 O-O 12. d4 b6 13. O-O Bb7 14. Re1 e6 15. Ne5 Qd6 16. c3 c5 17. dxc5 bxc5 18. Nc4 Qd5 19.
f3 Rfd8 20. Ra5 Bf8 21. Ne5 f6 22. Ng4 Kf7 23. Qf4 Be7 24. Be3 g5 25. Qa4 Bc6 26.
Qa3 Rdb8 27. c4 Qd3 28. Nf2 Qxb3 29. Rxa7 Qxa3 30. Rxa3 Rxa3 31. bxa3 Rb3 32. Ne4 Bxe4 33. fxe4 Rxa3 34. Kf2 Rc3 35. Rc1 Rb3 36. Rc2 Bd6 37.
g3 Ke7 38. Kf3 h5 39. h3 Bxg3 40. Ke2 Bd6 41. Ra2 Rb7 42. Ra8 Kf7 43. Rc8 Rb2+ 44. Kd3 Rb3+ 45. Ke2 Rc3 46. Rc6 Be7 47. Rc7 Ke8 0-1

[Event "Late-Titled-Tuesday-Blitz-September-19-2023"]
[Site "Chess.com"]
[Date "2023.09.19"]
[Round "2"]
[White "JackRodgers"]
[Black "IMSlavin"]
[Result "1-0"]
[WhiteElo "2500"]
[BlackElo "2289"]
[TimeControl "180+1"]
[EndTime "14:17:13 PDT"]
[Termination "JackRodgers won by resignation"]

1. d4 Nc6 2. d5 Ne5 3. Nf3 Ng6 4. e4 e5 5. h4 d6 6. h5 N6e7 7. c4 h6 8. Nc3 Nf6 9. Be2 Neg8 10. Be3 Be7 11.
c5 Ng4 12. Qd2 Nxe3 13. Qxe3 Nf6 14. cxd6 cxd6 15. Nd2 O-O 16. O-O-O a6 17. Rdg1 b5 18. g4 Nh7 19. Kb1 b4 20. Nd1 Bg5 21. Qd3 Bd7 22. Nc4 Bb5 23. b3 Bf4 24. Nde3 g5 25. Nf5 Qf6 26. Qf3 Bxc4 27. Bxc4 a5 28. Re1 a4 29.
Re2 axb3 30. Bxb3 Rfc8 31. Qd3 Rc3 32. Qb5 Rac8 33. Rc2 Nf8 34. Qxb4 Rxc2 35. Bxc2 Kh7 36. Qxd6 Qxd6 37. Nxd6 Rc7 38. Ba4 Ra7 39. Bc6 Nd7 40. Bxd7 Rxd7 41. Nc4 Rc7 42. Nb2 Rb7 43. Rd1 Kg7 44.
d6 Rd7 45. Nc4 Kf6 46. Kc2 Ke6 47. Kc3 Ra7 48. a3 Rd7 49. a4 Bh2 50. a5 Bf4 51.
Kb4 Rb7+ 52. Nb6 Ra7 53. d7 1-0

[Event "Late-Titled-Tuesday-Blitz-September-19-2023"]
[Site "Chess.com"]
[Date "2023.09.19"]
[Round "2"]
[White "stasOR4ik"]
[Black "larsmandreassen"]
[Result "0-1"]
[WhiteElo "2436"]
[BlackElo "2210"]
[TimeControl "180+1"]
[EndTime "14:17:13 PDT"]
[Termination "larsmandreassen won by resignation"]

1. e4 d5 2. exd5 Nf6 3. Nf3 Nxd5 4. d4 Bg4 5. Be2 e6 6. O-O Be7 7. Nbd2 O-O 8. Re1 c5 9. c3 Nc6 10. Ne4 cxd4 11. Nxd4 Bxe2 12. Rxe2 Rc8 13. Rd2 Qb6 14. Qb3 Nxd4 15. Rxd4 Rfd8 16. Bg5 f6 17. Bh4 Qxb3 18.
axb3 g5 19. Bg3 f5 20. c4 Nb4 21. Nd6 Ra8 22. Rad1 f4 23. Nxb7 Rxd4 24. Rxd4 fxg3 25.
hxg3 Rb8 26. Rd7 Bf8 27. c5 Rc8 28. Kf1 Bxc5 29. Nd8 Nc6 30. Nxe6 Bf8 31. Rd5 h6 32. f4 gxf4 33. gxf4 Ne7 34. Rd7 Nf5 35. g4 Ne3+ 36. Ke2 Nxg4 37. Kf3 Nf6 38. f5 Nxd7 39. Ke4 Nc5+ 40.
Kd5 Nxe6 41. fxe6 Rb8 0-1

[Event "Late-Titled-Tuesday-Blitz-September-19-2023"]
[Site "Chess.com"]
[Date "2023.09.19"]
[Round "2"]
[White "Tomytoteph"]
[Black "hansen"]
[Result "0-1"]
[WhiteElo "2574"]
[BlackElo "2933"]
[TimeControl "180+1"]
[EndTime "14:17:14 PDT"]
[Termination "hansen won by resignation"]

1. e4 e5 2. Nf3 Nc6 3. Bb5 a6 4. Ba4 Nf6 5. O-O Be7 6. Re1 b5 7. Bb3 d6 8. c3 O-O 9. h3 Na5 10. Bc2 c5 11. d4 Qc7 12. d5 Nd7 13. a4 Nb6 14. axb5 axb5 15. Nbd2 c4 16. Nf1 Bd7 17.
Be3 Na4 18. Ra2 Nc5 19. N3d2 Rfb8 20. Qe2 Ncb3 21. Rb1 g6 22. Qd1 b4 23. Nxb3 cxb3 24. Bxb3 bxc3 25. bxc3 Qxc3 26. Bd2 Qd4 27. Bc2 Nc4 28.
Rxa8 Rxa8 29. Bc1 Qc5 30. Ne3 Bh4 31. Bd3 Nb6 32. Bd2 Na4 33. Ra1 Qd4 34. Bf1 Rc8 35.
f3 Bg5 36. Qe1 Rc2 37. Ra3 Rxd2 38. Kh1 Nb2 39. Rb3 Kg7 40. h4 Bxe3 41. Rxe3 Rd1 42.
Qf2 Rxf1+ 0-1

[Event "Late-Titled-Tuesday-Blitz-September-19-2023"]
[Site "Chess.com"]
[Date "2023.09.19"]
[Round "2"]
[White "CraiggoryC"]
[Black "Flaccidmoves"]
[Result "1-0"]
[WhiteElo "2242"]
[BlackElo "2443"]
[TimeControl "180+1"]
[EndTime "14:17:14 PDT"]
[Termination "CraiggoryC won by checkmate"]

1. e4 c6 2. d4 d5 3. e5 c5 4. dxc5 Nc6 5. a3 Nxe5 6. b4 Nf6 7. Bb2 Ng6 8. Nf3 e6 9. Bd3 Be7 10. g3 O-O 11. h4 Re8 12. h5 Nf8 13. h6 g6 14. Kf1 Ng4 15. Nbd2 Bf6 16. Nd4 e5 17. Nb5 e4 18. Be2 Bxb2 19. Bxg4 Bxg4 20. Qb1 Bxa1 21. Qxa1 d4 22. Nd6 e3 23. Qxd4 Ne6 24. Qxe3 Qg5 25. Qc3 Qd5 26. N2e4 Qd4 27. Nf6+ Kf8 28. Qxd4 Nxd4 29.
Ndxe8 Bf3 30. Rh4 Nxc2 31. Rf4 Bc6 32. Nd6 Rd8 33. Nxh7+ Ke7 34. Rxf7+ Ke6 35. Ng5+ Ke5 36. h7 Bd5 37. Re7+ Kd4 38. Re8 Rxe8 39. Nxe8 Nxa3 40.
h8=Q+ Kc4 41. Nd6+ Kxb4 42. Qd4+ Bc4+ 43. Nxc4 Nxc4 44.
Ne4 Kb5 45. Nd6+ Nxd6 46. cxd6 a5 47. d7 Ka6 48. d8=Q Kb5 49. Q8b6# 1-0

[Event "Late-Titled-Tuesday-Blitz-September-19-2023"]
[Site "Chess.com"]
[Date "2023.09.19"]
[Round "2"]
[White "Rutricks"]
[Black "SalihEke"]
[Result "1-0"]
[WhiteElo "2714"]
[BlackElo "2505"]
[TimeControl "180+1"]
[EndTime "14:17:17 PDT"]
[Termination "Rutricks won by resignation"]

1. Nf3 d5 2. b3 c6 3. Bb2 Nf6 4. e3 g6 5. Be2 Bg7 6. c4 O-O 7. O-O Bf5 8. h3 Nbd7 9. Nc3 Nc5 10. d4 Nce4 11. Na4 Nd7 12. Rc1 Nb6 13. Nc3 Rc8 14. a4 Nd7 15. cxd5 Nxc3 16. Bxc3 cxd5 17.
Bb4 Bf6 18. Qd2 Qb6 19. Bb5 a6 20. Ba5 Qd6 21. Be2 Qa3 22. Rc3 Qd6 23. Rfc1 Rxc3 24.
Qxc3 Nb8 25. Bc7 Qd7 26. Ne5 Bxe5 27. Bxe5 Nc6 28. Bf4 Rc8 29. Qd2 h5 30. Rc5 b6 31.
Rc1 a5 32. Ba6 Rd8 33. Bb5 Rc8 34. Qc3 Na7 35. Bxd7 Rxc3 36. Rxc3 Bxd7 37. Rc7 Bxa4 38. bxa4 1-0

[Event "Late-Titled-Tuesday-Blitz-September-19-2023"]
[Site "Chess.com"]
[Date "2023.09.19"]
[Round "2"]
[White "Championnn-9"]
[Black "ljm509"]
[Result "1-0"]
[WhiteElo "2509"]
[BlackElo "2342"]
[TimeControl "180+1"]
[EndTime "14:17:17 PDT"]
[Termination "Championnn-9 won by checkmate"]

1. d4 Nf6 2. c4 e6 3. Nf3 d5 4. e3 c5 5. Nc3 dxc4 6. Bxc4 a6 7. O-O Be7 8. b3 O-O 9. Bb2 b5 10. Be2 Bb7 11. Ne5 Nbd7 12. Bf3 Bxf3 13. Nxf3 Qb6 14. Qe2 Rfd8 15. Rac1 Rac8 16. Rfd1 h6 17. d5 exd5 18.
Nxd5 Nxd5 19. Rxd5 Nf6 20. Re5 Rd7 21. Nh4 Rd5 22. Nf5 Rxe5 23. Bxe5 Bf8 24. Qf3 Re8 25. Nxh6+ gxh6 26. Bxf6 Re6 27. Qg4+ Kh7 28. Qf5+ Kg8 29. Bb2 c4 30. Bd4 Qc6 31. bxc4 bxc4 32. Qg4+ Rg6 33. Qh3 Qa4 34. Qc8 Qxa2 35. Bc5 Qb2 36. Qxf8+ Kh7 37. Qxf7+ Rg7 38. Qf5+ Kg8 39. Qd5+ Kh7 40.
Qxc4 Qf6 41. Qd3+ Rg6 42. Bd4 Qg5 43. Rc7+ Kg8 44. Qc4+ Kf8 45. Qf7# 1-0

[Event "Late-Titled-Tuesday-Blitz-September-19-2023"]
[Site "Chess.com"]
[Date "2023.09.19"]
[Round "2"]
[White "kreonx"]
[Black "Verony64"]
[Result "1-0"]
[WhiteElo "2479"]
[BlackElo "2243"]
[TimeControl "180+1"]
[EndTime "14:17:18 PDT"]
[Termination "kreonx won on time"]

1. e4 e5 2. Nf3 d6 3. d4 Nd7 4. Bc4 c6 5. a4 Be7 6. Nc3 Ngf6 7. O-O O-O 8. a5 Rb8 9. h3 b5 10. axb6 axb6 11. Bb3 b5 12. d5 c5 13. Re1 c4 14.
Ba2 Nc5 15. Bg5 b4 16. Bxf6 Bxf6 17. Ne2 b3 18. cxb3 Nxe4 19. bxc4 Rxb2 20. Bb1 Bf5 21. Bxe4 Bxe4 22. Ng3 Bxf3 23. Qxf3 g6 24. Reb1 Rxb1+ 25. Rxb1 Bg7 26. Ne4 h6 27. c5 f5 28. Nxd6 e4 29. Qb3 Bd4 30. Nb7 Qh4 31. d6+ Kg7 32. d7 Qxf2+ 33.
Kh1 Bf6 34. c6 e3 35. Qb6 Qg3 36. d8=Q Bxd8 37. Nxd8 e2 38. Ne6+ Kf6 39. Nxf8 e1=Q+ 40. Rxe1 Qxe1+ 41. Qg1 Qe7 42. Nd7+ Kf7 43. Qc1 Qd6 44.
c7 1-0

[Event "Late-Titled-Tuesday-Blitz-September-19-2023"]
[Site "Chess.com"]
[Date "2023.09.19"]
[Round "2"]
[White "PNEPaul"]
[Black "marik_spb"]
[Result "0-1"]
[WhiteElo "1917"]
[BlackElo "2412"]
[TimeControl "180+1"]
[EndTime "14:17:21 PDT"]
[Termination "marik_spb won on time"]

1. e4 e5 2. Nf3 Nc6 3. Bc4 Nf6 4. d4 exd4 5. O-O Nxe4 6. Re1 d5 7. Bxd5 Qxd5 8. Nc3 Qa5 9. Nxe4 Be6 10. Neg5 O-O-O 11. Nxe6 fxe6 12. Bg5 Rd5 13. Bd2 Qb5 14. a4 Qxb2 15.
Rb1 Qa2 16. Rxe6 Bd6 17. Ra1 Qc4 18. a5 Rxa5 19. Bxa5 Qxe6 20. Bd2 Re8 21. Qf1 Qe2 22. Qb1 a6 23. Qb3 Ne5 24. Nxe5 Qxe5 25. g3 Qh5 26. Rb1 Qb5 27. Qa2 Qc6 28. Qf7 Qd7 29. Qd5 c5 30. Qf3 Rf8 31. Qg2 Qc6 32. Qh3+ Kb8 33.
Re1 Qf3 34. Rf1 h6 35. Qd7 Qf6 36. Qh3 Rf7 37. Qg2 c4 38. Rb1 d3 0-1

[Event "Late-Titled-Tuesday-Blitz-September-19-2023"]
[Site "Chess.com"]
[Date "2023.09.19"]
[Round "2"]
[White "DanielTitichoca"]
[Black "KaydenTroffChess"]
[Result "0-1"]
[WhiteElo "2536"]
[BlackElo "2788"]
[TimeControl "180+1"]
[EndTime "14:17:22 PDT"]
[Termination "KaydenTroffChess won on time"]

1. c4 Nf6 2. g3 e5 3. Bg2 d5 4. cxd5 Nxd5 5. Nc3 Nb6 6. Nf3 Nc6 7. O-O Be7 8. b3 O-O 9. Bb2 Be6 10. d4 exd4 11. Nb5 d3 12. exd3 Bf6 13. Bxf6 Qxf6 14. Nxc7 Rad8 15. Nxe6 Qxe6 16. Re1 Qf5 17. Rc1 Nb4 18. d4 Nxa2 19. Rc5 Qxc5 20. dxc5 Rxd1 21. Rxd1 Nc8 22. Ne5 Re8 23. Bxb7 g6 24. f4 f6 25. Ng4 Kf7 26. Rd7+ Ke6 27. c6 Nc3 28. Rxh7 Nd5 29. c7 Nce7 30. Kf2 Nxc7 31. Ne3 Nb5 32. Ba6 Nd6 33. Kf3 Rb8 34. Bc4+ Nxc4 35. bxc4 a5 36. g4 a4 37. Ke4 f5+ 38. gxf5+ gxf5+ 39. Kd4 Ra8 40. Rh6+ Kd7 0-1

[Event "Late-Titled-Tuesday-Blitz-September-19-2023"]
[Site "Chess.com"]
[Date "2023.09.19"]
[Round "2"]
[White "valemava"]
[Black "angryspacevoid"]
[Result "0-1"]
[WhiteElo "2287"]
[BlackElo "2499"]
[TimeControl "180+1"]
[EndTime "14:17:23 PDT"]
[Termination "angryspacevoid won by checkmate"]

1. Nf3 Nc6 2. a3 e5 3. b4 e4 4.
Ng1 Qf6 5. Nc3 d5 6. Bb2 Be6 7. e3 h5 8. Nge2 Nh6 9. h3 O-O-O 10. Qc1 Ne5 11. Nf4 h4 12. Nb5 Kb8 13. d4 Ng6 14.
Ne2 Nf5 15. c4 dxc4 16. d5 Ne5 17. Bxe5 Qxe5 18. dxe6 Qxb5 19. Nc3 Qe5 20. Bxc4 fxe6 21. O-O Bd6 22. Rd1 Qh2+ 23. Kf1 Ng3+ 24. Ke1 Qg1+ 25. Kd2 Qxf2+ 26. Ne2 Be5+ 27. Kc2 Nxe2 28. Rd2 Nxc1 29. Rxf2 Bxa1 30. Kxc1 Rhf8 31. Re2 Rf1+ 32. Kc2 Rdd1 33.
Kb3 c6 34. Bxe6 b5 35. a4 Rb1+ 36. Ka3 Bc3 37. axb5 Rxb4 38. bxc6 Ra1+ 39. Ba2 a5 40. Rc2 Be5 41. c7+ Bxc7 42. g4 Bd6 43. g5 Rc4+ 44.
Kb3 Rxc2 45. Kxc2 Rxa2+ 46. Kc3 Rh2 47. Kd4 Rxh3 48. Kxe4 Rg3 49. Kf5 h3 50. g6 h2 51.
e4 h1=Q 52. e5 Qd5 53. Kf4 Qxe5# 0-1

[Event "Late-Titled-Tuesday-Blitz-September-19-2023"]
[Site "Chess.com"]
[Date "2023.09.19"]
[Round "2"]
[White "Angry_Twin"]
[Black "TatjanaVasilevich"]
[Result "1-0"]
[WhiteElo "2945"]
[BlackElo "2576"]
[TimeControl "180+1"]
[EndTime "14:17:25 PDT"]
[Termination "Angry_Twin won by checkmate"]

1. e4 c5 2. Nf3 e6 3. d4 cxd4 4. Nxd4 a6 5. c4 Nf6 6. Nc3 Bb4 7. Qd3 Nc6 8. Nxc6 bxc6 9. e5 Ng4 10. f4 f6 11. h3 Nh6 12. exf6 Qxf6 13. Bd2 d5 14. Be2 O-O 15. O-O a5 16. Kh2 Ba6 17. Qf3 Nf5 18. Qg4 Nd4 19. Bd3 Rad8 20. Rae1 Nf5 21. Re2 Bd6 22. Rfe1 Nd4 23. Rf2 Bc7 24. Qg3 Nf5 25.
Qg4 Nd4 26. Rff1 Nf5 27. Bc1 a4 28. a3 dxc4 29. Bc2 Nd4 30. Be4 e5 31. f5 h6 32.
Kh1 Bb5 33. Bb1 Nb3 34. Ne4 Qf7 35. Bxh6 c5 36. f6 g6 37. Ng5 Qxf6 38. Rxf6 Rxf6 39. Ne4 Ra6 40. Nc3 Be8 41. Bg5 Rd7 42. Ne4 Rf7 43. Nf6+ Kg7 44. Nxe8+ Kf8 45. Nxc7 Rxc7 46. Qxc4 Raa7 47. Rf1+ Rf7 48. Rxf7+ Rxf7 49. Bxg6 Rg7 50. Bh6 Nd2 51. Bxg7+ Kxg7 52. Qf7+ Kh6 53. h4 Ne4 54. Qh7# 1-0

[Event "Late-Titled-Tuesday-Blitz-September-19-2023"]
[Site "Chess.com"]
[Date "2023.09.19"]
[Round "2"]
[White "jk13"]
[Black "Guzman70"]
[Result "1/2-1/2"]
[WhiteElo "2647"]
[BlackElo "2295"]
[TimeControl "180+1"]
[EndTime "14:17:25 PDT"]
[Termination "Game drawn - insufficient material"]

1. e4 e6 2. d3 d5 3. Qe2 Nf6 4. Nf3 Bc5 5. h3 Nc6 6. c3 dxe4 7.
dxe4 e5 8. g3 O-O 9. Bg2 a5 10.
O-O b6 11. Rd1 Ba6 12. Qe1 Qe7 13. Bg5 h6 14. Bxf6 Qxf6 15. Nbd2 a4 16. Bf1 Bxf1 17.
Qxf1 Rfd8 18. Qe2 Rd7 19. Nf1 Rad8 20. Kg2 Rxd1 21. Rxd1 Rxd1 22. Qxd1 Qd6 23. Qxd6 Bxd6 24. Ne3 b5 25. Nd5 f6 26. Kf1 Ne7 27. Nxe7+ Bxe7 28. Ke2 Bc5 29. Ne1 Kf7 30. Nd3 Bd6 31. f4 exf4 32. gxf4 g5 33. f5 c5 34. b3 axb3 35.
axb3 h5 36. c4 bxc4 37. bxc4 Kg7 38. Kf3 Kh6 39. Nc1 Be5 40. Nb3 Bd6 41. Na5 Kg7 42.
Nb7 Be7 43. Na5 Kf7 44. Nb3 Ke8 45. Nc1 Kd7 46. Nd3 Bd6 47. Ke3 Kc6 48. Ne1 Kb6 49. Nf3 g4 50. hxg4 hxg4 51. Ne1 Ka5 52. Nd3 Ka4 53. e5 fxe5 54. Ke4 Kb3 55. f6 Kxc4 56. f7 Kc3 57. Nxe5 g3 58. Kf3 Kd4 59. Nc6+ Kd5 60.
Na5 Ke6 61. f8=Q Bxf8 62. Kxg3 Kd5 63. Kf3 c4 64. Nxc4 1/2-1/2

[Event "Late-Titled-Tuesday-Blitz-September-19-2023"]
[Site "Chess.com"]
[Date "2023.09.19"]
[Round "2"]
[White "aranibos"]
[Black "MKlose11"]
[Result "0-1"]
[WhiteElo "2294"]
[BlackElo "2586"]
[TimeControl "180+1"]
[EndTime "14:17:29 PDT"]
[Termination "MKlose11 won by resignation"]

1. d4 Nf6 2. c3 c5 3. Bg5 cxd4 4. Bxf6 gxf6 5. cxd4 d5 6. Nc3 Nc6 7. e3 Qb6 8. Qd2 e6 9. Nf3 Be7 10. Bd3 Bd7 11. O-O h5 12. Kh1 h4 13. h3 f5 14. Rac1 Qa5 15. a3 a6 16. b4 Qxa3 17.
Ra1 Qxb4 18. Rfb1 Qd6 19. Na4 Nb4 20. Nc5 Nxd3 21. Qxd3 b5 22. Ne5 Bc8 23. Rxb5 O-O 24. Rb2 a5 25. f4 Ba6 26. Qd1 Bc4 27. Ncd7 a4 28. Rxa4 Rxa4 29. Qxa4 Rd8 30. Nxc4 dxc4 31. Ne5 c3 32. Rc2 Rc8 33. Qa1 Qb4 34. Qd1 Bf6 35. Nf3 Qb3 36. Ne1 Ra8 37. Kh2 Ra2 38. Qe2 Rb2 39.
g3 hxg3+ 40. Kxg3 Be7 41. Kf3 Ba3 42. Qg2+ Kf8 43. Qg5 Be7 44. Qg2 Bh4 45. Nd3 Rxc2 46. Qf1 Qd5+ 0-1

[Event "Late-Titled-Tuesday-Blitz-September-19-2023"]
[Site "Chess.com"]
[Date "2023.09.19"]
[Round "2"]
[White "JesseFebruary"]
[Black "gunslinger222"]
[Result "1-0"]
[WhiteElo "2022"]
[BlackElo "2399"]
[TimeControl "180+1"]
[EndTime "14:17:29 PDT"]
[Termination "JesseFebruary won on time"]

1. e4 e6 2. d4 d5 3. Nd2 c5 4.
exd5 exd5 5. dxc5 Bxc5 6. Bb5+ Nc6 7. Qe2+ Be7 8. Ngf3 Nf6 9. O-O O-O 10. Nb3 a6 11. Bd3 Nb4 12. Bf4 Nxd3 13. Qxd3 Bg4 14. Rfe1 Bd6 15. Bxd6 Qxd6 16. h3 Bh5 17. Rad1 Rac8 18.
c3 Qf4 19. Nbd4 Ne4 20. Qe3 Qf6 21. Rc1 b5 22. b3 Bg6 23. Nd2 h6 24. Nxe4 dxe4 25.
c4 bxc4 26. Rxc4 Rxc4 27. bxc4 Rc8 28. Rc1 Qd6 29. Nb3 f5 30. c5 Qd5 31. Qd4 Bf7 32. Rd1 Qxd4 33. Nxd4 Rxc5 34. a4 g5 35. Rb1 Kg7 36.
Rb7 Kf6 37. Ne2 a5 38. Rb6+ Kg7 39. Nd4 Rc4 40. Nb5 Rxa4 41. Nd6 1-0

[Event "Late-Titled-Tuesday-Blitz-September-19-2023"]
[Site "Chess.com"]
[Date "2023.09.19"]
[Round "2"]
[White "NowInChess"]
[Black "wild3000"]
[Result "1/2-1/2"]
[WhiteElo "2246"]
[BlackElo "2458"]
[TimeControl "180+1"]
[EndTime "14:17:30 PDT"]
[Termination "Game drawn - insufficient material"]

1. e4 a6 2. d4 e6 3. f4 b5 4. Nf3 Bb7 5. Bd3 c5 6. c3 Nf6 7.
Qe2 d5 8. e5 Ne4 9. Nbd2 cxd4 10. Nxe4 dxe4 11. Bxe4 Bxe4 12. Qxe4 Qd5 13. Qxd5 exd5 14.
Nxd4 Bc5 15. Nb3 Bb6 16. Ke2 Nc6 17. Be3 Bc7 18. Rad1 Rd8 19. Bc5 f6 20. exf6 gxf6 21. g3 Kf7 22. Rd2 Rhe8+ 23. Kf3 a5 24. Rhd1 a4 25. Nd4 Nxd4+ 26. Rxd4 Ke6 27. Re1+ Kf7 28. Rxe8 Kxe8 29. f5 Be5 30. Rh4 Rd7 31. Bd4 a3 32.
bxa3 Bxd4 33. Rxd4 Ke7 34. Rb4 Ra7 35. Rxb5 Rxa3 36. Rxd5 Rxc3+ 37. Kf4 Rc4+ 38. Kf3 Rc3+ 39. Ke4 Rc2 40. h4 Rxa2 41. Rb5 Ra4+ 42. Kf3 Kf7 43. Rb7+ Kg8 44. g4 Rc4 45. g5 Rxh4 46. gxf6 h5 47. Kg3 Rg4+ 48. Kh3 Kf8 49. Rg7 Rxg7 50. fxg7+ Kxg7 51.
Kh4 Kf6 52. Kxh5 Kxf5 1/2-1/2

[Event "Late-Titled-Tuesday-Blitz-September-19-2023"]
[Site "Chess.com"]
[Date "2023.09.19"]
[Round "2"]
[White "KChor05TTV"]
[Black "kuli4ik"]
[Result "0-1"]
[WhiteElo "2587"]
[BlackElo "2965"]
[TimeControl "180+1"]
[EndTime "14:17:31 PDT"]
[Termination "kuli4ik won by resignation"]

1. e4 e6 2. d4 d5 3. Nd2 Nc6 4. Ngf3 Nf6 5. exd5 exd5 6. Be2 Bd6 7. O-O O-O 8. h3 Re8 9. c3 h6 10. Bd3 Ne4 11. Re1 Bf5 12. Qc2 Qe7 13. b4 a6 14.
Qb3 Qd7 15. Qc2 Re7 16. Nxe4 dxe4 17. Bxe4 Rae8 18. Ne5 Nxe5 19. dxe5 Rxe5 20. f3 Bxe4 21. fxe4 Qc6 22. Bf4 Rxe4 23. Rxe4 Rxe4 24. Bxd6 cxd6 25. Rf1 Qc4 26. Qd2 d5 27. Rf2 d4 28. cxd4 Rxd4 29.
Qe3 Qxb4 30. Qe8+ Qf8 31. Qe5 Rd1+ 32. Rf1 Rxf1+ 33. Kxf1 Qd8 34. Kg1 b5 35. Qc5 g6 36.
Qa7 Qd6 37. Qa8+ Kg7 38. Qe4 b4 39. Qe3 a5 40. Kh1 a4 41. Qe4 Qc5 42. Qd3 Qb6 43.
Qb1 b3 44. Qb2+ Kg8 45. axb3 Qxb3 46. Qe5 a3 47. Qe8+ Kh7 48. Qe5 a2 49. Kh2 Qa4 50.
Qf6 a1=Q 51. Qxf7+ Qg7 52. Qf3 Qad4 0-1

[Event "Late-Titled-Tuesday-Blitz-September-19-2023"]
[Site "Chess.com"]
[Date "2023.09.19"]
[Round "2"]
[White "SergioMoralesG"]
[Black "Goryachkina"]
[Result "1-0"]
[WhiteElo "2429"]
[BlackElo "2675"]
[TimeControl "180+1"]
[EndTime "14:17:31 PDT"]
[Termination "SergioMoralesG won on time"]

1. d4 Nf6 2. c4 e6 3. Nf3 d5 4. Nc3 Nbd7 5. Bg5 h6 6. Bh4 Be7 7. e3 O-O 8. Rc1 dxc4 9. Bxc4 a6 10. O-O c5 11. Qe2 cxd4 12. Nxd4 Ne5 13. Rfd1 Nxc4 14. Nc6 Qe8 15. Nxe7+ Qxe7 16. Qxc4 b5 17. Qd4 Bb7 18. Bxf6 Qxf6 19. Qxf6 gxf6 20. Rd7 Rab8 21. Ne2 Bd5 22. b3 Rfc8 23. Rdc7 Rxc7 24. Rxc7 a5 25. f3 e5 26. Nc3 Be6 27. Ra7 a4 28. b4 Rc8 29. Nxb5 Rc1+ 30. Kf2 Rc2+ 31. Kg3 Rxa2 32. Nc3 Rc2 33. Nxa4 Ra2 34.
b5 Kg7 35. b6 Bd5 36. Nc5 Rb2 37. b7 Rb5 38. e4 Bc6 39. Nd3 1-0

[Event "Late-Titled-Tuesday-Blitz-September-19-2023"]
[Site "Chess.com"]
[Date "2023.09.19"]
[Round "2"]
[White "picturesquecheck"]
[Black "Dacean99"]
[Result "1-0"]
[WhiteElo "2358"]
[BlackElo "2493"]
[TimeControl "180+1"]
[EndTime "14:17:31 PDT"]
[Termination "picturesquecheck won by checkmate"]

1. e4 d6 2. d4 Nf6 3. Bd3 g6 4. c4 Bg7 5. Ne2 c5 6. d5 O-O 7. O-O e6 8. h3 exd5 9. exd5 Nbd7 10. Bf4 Qb6 11. Qb3 Nh5 12. Qxb6 axb6 13. Bxd6 Bxb2 14. Bxf8 Bxa1 15. Bd6 Rxa2 16. Re1 Be5 17. Nc1 Bxd6 18. Nxa2 Ne5 19. Bf1 Bf5 20. Nbc3 Nf4 21. Ne4 Nfd3 22. Bxd3 Nxd3 23. Re3 Bf4 24. Rxd3 Bxe4 25. Rb3 Bc7 26.
Re3 f5 27. Nc3 Bf4 28. Re2 Bd3 29. Re7 Bxc4 30. Rxb7 Be5 31. Na4 Bxd5 32. Rxb6 Bd4 33. Rb8+ Kf7 34. Rc8 Kf6 35. Nxc5 Kg5 36. Nd3 Be4 37.
Ne1 h5 38. Rc4 Be5 39. g3 Bb8 40. Ng2 Bd6 41. h4+ Kh6 42. Ra4 Be5 43. Ra6 Bd3 44.
Re6 Bb8 45. Nf4 Bxf4 46. gxf4 Be4 47. Rd6 Bf3 48. Kh2 Bg4 49. Kg3 Kg7 50. f3 Kf7 51.
fxg4 hxg4 52. Rb6 Kg7 53. h5 gxh5 54. Kh4 Kf7 55. Kxh5 g3 56. Rb3 g2 57. Rg3 g1=Q 58.
Rxg1 Ke6 59. Rd1 Ke7 60. Kg5 Ke6 61. Re1+ Kd5 62. Re5+ Kd4 63. Kxf5 Kd3 64. Re7 Kd4 65. Kg5 Kd5 66. f5 Kd6 67. Re2 Kd7 68. f6 Kd8 69.
f7 Kd7 70. f8=Q Kc6 71. Qb4 Kd5 72. Qe1 Kc6 73. Rd2 Kb5 74. Qb1+ Kc4 75. Qc1+ Kb4 76. Rb2+ Ka3 77. Qa1# 1-0